[Event "December 5 Late 2023"]
[Site "https://www.chess.com"]
[Date "2023.12.05"]
[Round "3"]
[White "Troff, Kayden"]
[Black "Leenhouts, Koen"]
[Result "1-0"]
[Board "47"]
[TimeControl "180+1"]
[WhiteFideId "2047896"]
[BlackFideId "1008439"]
[WhiteElo "2788"]
[BlackElo "2528"]
[WhiteTeam "USA"]
[BlackTeam "NED"]
[WhiteClock "0:00:26"]
[BlackClock "0:00:03"]

1. d4 Nf6 2. Nf3 g6 3. Bg5 Bg7 4. Nc3 c5 5. e3 cxd4 6. exd4 O-O 7. Bd3 d5 8. O-O Bg4 9. h3 Bxf3 10. Qxf3 Nc6 11. Ne2 e5 12. dxe5 Nxe5 13. Qg3 Nxd3 14. Qxd3 Qb6 15. Rab1 Ne4 16. Qxd5 Nxg5 17. Qxg5 Qa6 18. Nc1 Rfe8 19. a3 Rad8 20. Nd3 Qc4 21. Rbc1 Rd5 22. Qg3 Bh6 23. Rce1 Rxe1 24. Rxe1 Rd8 25. Re2 b6 26. Qf3 Qc7 27. g3 Bg7 28. c3 h5 29. h4 Qc4 30. Nb4 Qc7 31. Nd5 Qd7 32. Ne7+ Kh7 33. Kh2 f5 34. Nc6 Rc8 35. Ne5 Qd1 36. Nf7 Re8 37. Ng5+ Kh6 38. Rxe8 1-0

[Event "December 5 Late 2023"]
[Site "https://www.chess.com"]
[Date "2023.12.05"]
[Round "3"]
[White "Rastbod, Ali"]
[Black "Prithu Gupta"]
[Result "0-1"]
[Board "48"]
[TimeControl "180+1"]
[WhiteFideId "12567477"]
[BlackFideId "46618546"]
[WhiteElo "2768"]
[BlackElo "2520"]
[WhiteTeam "IRI"]
[BlackTeam "IND"]
[WhiteClock "0:00:00"]
[BlackClock "0:00:17"]

1. d4 d5 2. Nf3 e6 3. g3 f5 4. Bg2 Nf6 5. O-O Bd6 6. c4 O-O 7. c5 Be7 8. b4 Nbd7 9. Ng5 Nb8 10. Bb2 b6 11. Nd2 Ne4 12. Ngxe4 fxe4 13. f3 exf3 14. Nxf3 a5 15. a3 axb4 16. axb4 Rxa1 17. Bxa1 Nc6 18. Bc3 bxc5 19. dxc5 Bf6 20. Bxf6 Qxf6 21. b5 Ne5 22. Nd4 Qg5 23. Rxf8+ Kxf8 24. Qf1+ Ke7 25. Qf4 Qf6 26. e3 Qxf4 27. exf4 Nd3 28. Nc6+ Ke8 29. Na7 Kd8 30. c6 e5 31. fxe5 Be6 32. Kf1 d4 33. Be4 Nxe5 34. Bxh7 g6 35. Ke1 d3 36. Kd2 Bf5 37. Kc3 Nf3 38. b6 cxb6 39. c7+ Kxc7 40. Nb5+ Kc6 41. Na3 d2 0-1

[Event "December 5 Late 2023"]
[Site "https://www.chess.com"]
[Date "2023.12.05"]
[Round "3"]
[White "Makaraci, Tunahan"]
[Black "Skvortsov, Andrei"]
[Result "1-0"]
[Board "49"]
[TimeControl "180+1"]
[WhiteFideId "6356559"]
[BlackFideId "24108600"]
[WhiteElo "2503"]
[BlackElo "2761"]
[WhiteTeam "TUR"]
[BlackTeam "MNE"]
[WhiteClock "0:00:17"]
[BlackClock "0:00:00"]

1. e4 c5 2. c3 e6 3. Nf3 d5 4. exd5 Qxd5 5. d4 Nf6 6. a3 cxd4 7. cxd4 Be7 8. Nc3 Qd8 9. Be3 Nd5 10. Bd3 Nc6 11. O-O h6 12. Qe2 O-O 13. Rad1 Bd6 14. Ne4 Bf4 15. g3 Bxe3 16. fxe3 b6 17. Bb1 f5 18. Nc3 Nxc3 19. bxc3 Na5 20. Ne5 Bb7 21. e4 fxe4 22. Bxe4 Bxe4 23. Qxe4 Qd5 24. Qg6 Nc4 25. Rf7 Rxf7 26. Nxf7 Ne3 27. Nxh6+ Kh8 28. Nf7+ Kg8 29. Rd2 Nf5 30. Ng5 a5 31. Rf2 Rd8 32. Nxe6 Rd6 33. Qe8+ Kh7 34. Ng5+ Kh6 35. Nf7+ Kh7 36. Nxd6 Nxd6 37. Qd7 Kg6 38. Re2 Kf6 39. Re5 1-0

[Event "December 5 Late 2023"]
[Site "https://www.chess.com"]
[Date "2023.12.05"]
[Round "3"]
[White "Arnold, Ken"]
[Black "Kosteniuk, Alexandra"]
[Result "1/2-1/2"]
[Board "50"]
[TimeControl "180+1"]
[WhiteFideId "2056836"]
[BlackFideId "4128125"]
[WhiteElo "2434"]
[BlackElo "2749"]
[WhiteTeam "USA"]
[BlackTeam "SUI"]
[WhiteClock "0:00:37"]
[BlackClock "0:00:27"]

1. d4 f5 2. Nf3 Nf6 3. g3 g6 4. Bg2 Bg7 5. O-O O-O 6. c4 d6 7. Nc3 a5 8. Bg5 Ne4 9. Nxe4 fxe4 10. Nd2 Bxd4 11. Nxe4 Bxb2 12. Rb1 Bg7 13. Nc3 Nc6 14. Nd5 h6 15. Be3 e6 16. Nf4 Qe8 17. h4 Ne5 18. Bxb7 Bxb7 19. Rxb7 Qc6 20. Qb3 Rae8 21. Qb5 Rf7 22. Qxc6 Nxc6 23. Nxg6 e5 24. h5 Nb4 25. c5 Nxa2 26. Ra1 Nc3 27. Rxa5 Nxe2+ 28. Kg2 Nd4 29. Raa7 Nc6 30. Ra6 Nd4 31. cxd6 cxd6 32. Rxf7 Kxf7 33. Rxd6 Nf5 34. Ra6 Nxe3+ 35. fxe3 e4 36. g4 Bf6 37. Kg3 Bg5 38. Nf4 Rb8 39. Ra7+ Kg8 40. Ra2 Rb3 41. Re2 Be7 42. Nd5 Bg5 43. Nf4 Kf7 44. Nh3 Bf6 45. Kf4 Rb4 46. g5 hxg5+ 47. Nxg5+ Bxg5+ 48. Kxg5 Rb5+ 49. Kg4 Kg7 50. Rh2 Kh6 51. Kf4 Rb4 52. Rh1 Ra4 53. Rh2 Rb4 54. Rh1 Ra4 55. Rb1 Kxh5 56. Rb5+ Kg6 57. Re5 Kf6 58. Rxe4 Rxe4+ 59. Kxe4 Ke6 60. Kf4 Kf6 61. e4 Ke6 62. e5 Ke7 63. Ke4 Ke6 64. Kf4 Ke7 65. Ke4 Ke6 66. Kd4 Ke7 67. Kd5 Kd7 68. e6+ Ke7 69. Ke5 Ke8 70. Kd6 Kd8 71. Kd5 Ke7 72. Ke5 Ke8 73. Kf5 Ke7 74. Ke5 1/2-1/2

[Event "December 5 Late 2023"]
[Site "https://www.chess.com"]
[Date "2023.12.05"]
[Round "3"]
[White "yaguigor"]
[Black "Schmakel, Sam"]
[Result "0-1"]
[Board "51"]
[TimeControl "180+1"]
[BlackFideId "2039311"]
[WhiteElo "2378"]
[BlackElo "2718"]
[BlackTeam "USA"]
[WhiteClock "0:00:08"]
[BlackClock "0:01:28"]

1. e4 e6 2. d4 d5 3. Bd3 dxe4 4. Bxe4 Nf6 5. Bf3 c5 6. Ne2 Nc6 7. Be3 cxd4 8. Nxd4 Ne5 9. Nc3 a6 10. Qe2 Nxf3+ 11. Qxf3 e5 12. Nf5 Qa5 13. g4 Qb4 14. O-O-O Qxg4 15. Nd6+ Bxd6 16. Qxg4 Nxg4 17. Rxd6 Nxe3 18. fxe3 Bd7 19. Nd5 O-O-O 20. Rg1 Be6 21. Rxd8+ Rxd8 22. c4 g6 23. Rd1 Bxd5 24. cxd5 f5 25. Kc2 Kc7 26. Kc3 Kd6 27. Kb4 Rc8 28. Rd2 Rc5 0-1

[Event "December 5 Late 2023"]
[Site "https://www.chess.com"]
[Date "2023.12.05"]
[Round "3"]
[White "Vlassov, Nikolai"]
[Black "Pranav, V"]
[Result "0-1"]
[Board "52"]
[TimeControl "180+1"]
[WhiteFideId "4103360"]
[BlackFideId "25060783"]
[WhiteElo "2660"]
[BlackElo "3051"]
[WhiteTeam "FID"]
[BlackTeam "IND"]
[WhiteClock "0:00:00"]
[BlackClock "0:00:03"]

1. e4 e5 2. Bc4 Nc6 3. f4 Bc5 4. Nf3 d6 5. Nc3 Nf6 6. f5 g6 7. d3 gxf5 8. Bg5 Rg8 9. Qd2 f4 10. Bh4 Rg4 11. h3 Be3 12. hxg4 Bxd2+ 13. Kxd2 Be6 14. Bg5 Nb8 15. Rxh7 Nxh7 16. Bxd8 Kxd8 17. Rh1 Nf8 18. Rh8 Nd7 19. g5 Bxc4 20. dxc4 c6 21. Ne2 Kc7 22. g3 Re8 23. Nh4 Nc5 24. gxf4 exf4 25. Nxf4 Nxe4+ 26. Kd3 Nxg5 27. Nf5 Kd7 28. b4 Ne4 29. Nh5 a6 30. a4 d5 31. cxd5 cxd5 32. c4 dxc4+ 33. Kxc4 Nd6+ 34. Nxd6 Kxd6 35. Nf6 Rc8+ 36. Kd3 Ke6 37. Ne4 Rd8+ 38. Kc4 Ke7 39. Nc5 Rb8 40. a5 Rc8 41. b5 axb5+ 42. Kxb5 Rc7 43. Kb6 Rc6+ 44. Kb5 Rc7 45. Kb6 Rc8 46. Nxb7 Nd7+ 47. Kb5 Rxh8 48. a6 Rh1 49. a7 Rb1+ 50. Ka6 Rb6+ 51. Ka5 Rb1 52. Ka6 Nb6 53. Nc5 Na8 0-1

[Event "December 5 Late 2023"]
[Site "https://www.chess.com"]
[Date "2023.12.05"]
[Round "3"]
[White "Paragua, Megan Althea"]
[Black "Duda, Jan-Krzysztof"]
[Result "0-1"]
[Board "53"]
[TimeControl "180+1"]
[WhiteFideId "30973007"]
[BlackFideId "1170546"]
[WhiteElo "2281"]
[BlackElo "3038"]
[WhiteTeam "USA"]
[BlackTeam "POL"]
[WhiteClock "0:00:16"]
[BlackClock "0:01:20"]

1. e4 a6 2. d4 h6 3. Nf3 d6 4. Nc3 e6 5. Be2 g6 6. Be3 b6 7. O-O c6 8. d5 cxd5 9. exd5 e5 10. Nd2 Nd7 11. f4 Ngf6 12. fxe5 Nxe5 13. Bd4 Bg7 14. Nf3 Nfg4 15. h3 Nxf3+ 16. Bxf3 Ne5 17. Na4 Rb8 18. c4 b5 19. cxb5 axb5 20. Nc3 O-O 21. b4 Qg5 22. Ne4 Qe7 23. Bxe5 Bxe5 24. Rc1 Bf5 25. Qe2 Bxe4 26. Bxe4 Kg7 27. Bd3 Qh4 28. Qg4 Qxg4 29. hxg4 Rb7 30. Rc2 Ra8 31. Rfc1 Ra4 32. Rb1 Kf6 33. Kf2 Kg5 34. Kf3 Bd4 35. Re2 Rc7 36. Bxb5 Ra3+ 37. Ke4 Bb6 38. Rb3 Rxb3 39. axb3 Rc3 40. Bc4 f5+ 0-1

[Event "December 5 Late 2023"]
[Site "https://www.chess.com"]
[Date "2023.12.05"]
[Round "3"]
[White "Ferreira, Vitor Hugo Vieira"]
[Black "Matlakov, Maxim"]
[Result "0-1"]
[Board "54"]
[TimeControl "180+1"]
[WhiteFideId "2119765"]
[BlackFideId "4168003"]
[WhiteElo "2518"]
[BlackElo "2998"]
[WhiteTeam "BRA"]
[BlackTeam "RUS"]
[WhiteClock "0:00:55"]
[BlackClock "0:01:30"]

1. d4 g6 2. c4 Bg7 3. Nc3 d6 4. e4 c5 5. d5 Bxc3+ 6. bxc3 e5 7. h4 h5 8. Bg5 f6 9. Be3 Qe7 10. f3 Kd8 11. Qb3 Kc7 12. Nh3 Nd7 13. a4 a5 14. Nf2 Nh6 15. Be2 Nf7 16. Kd2 f5 17. Kc2 Ra6 18. Rab1 Nb6 19. Qa3 Bd7 20. Rb5 Bxb5 21. cxb5 Raa8 22. Nd3 Nc4 23. Qc1 Nxe3+ 24. Qxe3 fxe4 25. fxe4 b6 26. Nb2 Raf8 27. Nc4 Nh6 28. Bf3 Rf4 29. g3 Ng4 30. Qe2 Rxf3 31. Qxf3 Rf8 32. Qd3 Nf2 33. Qf1 Nxh1 34. Qxh1 Qd7 35. Ne3 Rf2+ 36. Kd3 Qf7 37. Qh3 Qf3 38. Qe6 Qe2# 0-1

[Event "December 5 Late 2023"]
[Site "https://www.chess.com"]
[Date "2023.12.05"]
[Round "3"]
[White "Deac, Bogdan-Daniel"]
[Black "Stojanovski, Sandi"]
[Result "1-0"]
[Board "55"]
[TimeControl "180+1"]
[WhiteFideId "1226380"]
[BlackFideId "1403249"]
[WhiteElo "2989"]
[BlackElo "2518"]
[WhiteTeam "ROU"]
[BlackTeam "DEN"]
[WhiteClock "0:00:07"]
[BlackClock "0:00:02"]

1. e4 d6 2. f4 g6 3. d4 Nf6 4. Nc3 Bg7 5. a3 O-O 6. Nf3 Nc6 7. d5 Nb8 8. Bd3 c6 9. h3 cxd5 10. exd5 Nbd7 11. Be3 Nb6 12. Be2 a6 13. O-O Qc7 14. Bd4 Bd7 15. Qd2 Nc4 16. Bxc4 Qxc4 17. b3 Qc7 18. Rae1 Rfe8 19. Re3 Rac8 20. Rfe1 Kf8 21. Qe2 Ng8 22. Bxg7+ Kxg7 23. Qd2 Qa5 24. a4 Qb4 25. Qd4+ Qxd4 26. Nxd4 Rc7 27. Ne4 Rb8 28. a5 Bf5 29. Nxf5+ gxf5 30. Ng3 Kg6 31. c4 b6 32. axb6 Rxb6 33. Ne2 h6 34. Rg3+ Kh7 35. Nd4 Rcb7 36. Ree3 Nf6 37. Nxf5 Nh5 38. Rgf3 Kg6 39. Nxe7+ Kf6 40. Nc6 Ng7 41. g4 h5 42. Kg2 hxg4 43. hxg4 Rc7 44. Rh3 Kg6 45. Ne7+ Rxe7 46. Rxe7 a5 47. Rhe3 a4 48. bxa4 Rb2+ 49. Kg3 Rb4 50. Rc7 Rxa4 51. Rc6 f6 52. Rxd6 Rxc4 53. Rd3 Kf7 54. Rc6 f5 55. Rxc4 fxg4 56. Kxg4 1-0

[Event "December 5 Late 2023"]
[Site "https://www.chess.com"]
[Date "2023.12.05"]
[Round "3"]
[White "Martinez Alcantara, Jose Eduardo"]
[Black "Koc, Przemyslaw"]
[Result "1-0"]
[Board "56"]
[TimeControl "180+1"]
[WhiteFideId "3805662"]
[BlackFideId "1109081"]
[WhiteElo "2967"]
[BlackElo "2517"]
[WhiteTeam "PER"]
[BlackTeam "POL"]
[WhiteClock "0:00:10"]
[BlackClock "0:00:36"]

1. e4 e5 2. Nf3 Nf6 3. Nc3 Nc6 4. h3 d5 5. exd5 Nxd5 6. Bb5 Nxc3 7. bxc3 Bd6 8. O-O O-O 9. d4 exd4 10. cxd4 a6 11. Bd3 h6 12. c3 Qf6 13. Rb1 b5 14. a4 bxa4 15. Ra1 Bd7 16. Rxa4 a5 17. Ra1 a4 18. Nd2 Bxh3 19. gxh3 Nxd4 20. Qg4 Nb3 21. Nxb3 axb3 22. Rxa8 Rxa8 23. Qe4 Ra1 24. Qh7+ Kf8 25. Qh8+ Ke7 26. Re1+ Be5 27. Kf1 Qf3 28. Rxe5+ Kd6 29. Qd8+ Kxe5 30. Qxc7+ Kf6 31. Qd6# 1-0

[Event "December 5 Late 2023"]
[Site "https://www.chess.com"]
[Date "2023.12.05"]
[Round "3"]
[White "Khismatullin, Denis"]
[Black "Hadzovic, Amir"]
[Result "1-0"]
[Board "57"]
[TimeControl "180+1"]
[WhiteFideId "4142578"]
[BlackFideId "14402300"]
[WhiteElo "2929"]
[BlackElo "2517"]
[WhiteTeam "RUS"]
[BlackTeam "BIH"]
[WhiteClock "0:01:30"]
[BlackClock "0:00:18"]

1. e4 e5 2. Nf3 Nc6 3. g3 Bc5 4. Bg2 d6 5. c3 Bb6 6. a4 a6 7. O-O f5 8. exf5 Bxf5 9. d4 Nf6 10. a5 Ba7 11. dxe5 dxe5 12. Qb3 Qd5 13. Qxb7 Be4 14. Qxa8+ Kf7 15. Ng5+ Ke7 16. Bxe4 Nxe4 17. Qxh8 Nxf2 18. Qxg7+ Kd8 19. Qf8+ Kd7 20. Qf7+ Qxf7 21. Nxf7 Ng4+ 22. Kg2 e4 23. h3 Nh6 24. Nxh6 1-0

[Event "December 5 Late 2023"]
[Site "https://www.chess.com"]
[Date "2023.12.05"]
[Round "3"]
[White "Shapiro, Viktor"]
[Black "Grigoriants, Sergey"]
[Result "0-1"]
[Board "58"]
[TimeControl "180+1"]
[WhiteFideId "4175700"]
[BlackFideId "4130804"]
[WhiteElo "2515"]
[BlackElo "2926"]
[WhiteTeam "RUS"]
[BlackTeam "HUN"]
[WhiteClock "0:00:06"]
[BlackClock "0:00:09"]

1. Nf3 d5 2. g3 c5 3. Bg2 f6 4. d3 e5 5. O-O Nc6 6. c4 Nge7 7. Nc3 d4 8. Ne4 Ng6 9. h4 Be7 10. h5 Nf8 11. h6 g5 12. e3 Ng6 13. exd4 cxd4 14. a3 a5 15. Rb1 O-O 16. b4 axb4 17. axb4 g4 18. Nh2 f5 19. b5 Nb4 20. Ng5 Nxd3 21. Nxh7 Kxh7 22. Qxd3 e4 23. Qd1 Be6 24. Nxg4 fxg4 25. Bxe4 Qd7 26. Qd3 Bf5 27. b6 Ne5 28. Qe2 Bxe4 29. Qxe4+ Qf5 30. Qxb7 Rae8 31. Rb5 Nf3+ 32. Kg2 Qe6 33. Qd5 Qxd5 34. Rxd5 Rd8 35. Rxd8 Rxd8 36. Bf4 Rd7 37. Rb1 Rb7 38. Bc7 d3 39. Rd1 d2 40. Kf1 Bc5 41. Bf4 Rxb6 42. Bxd2 Rb2 43. Be3 Bxe3 44. fxe3 Kxh6 45. Rd5 Rc2 46. c5 Kg6 47. e4 Kf6 48. Rf5+ Ke6 49. Rh5 Ne5 50. Rh6+ Kf7 51. Rh5 Rxc5 52. Ke2 Kf6 53. Rf5+ Ke6 54. Rh5 Rc2+ 55. Ke3 Rc3+ 56. Kd4 Rd3+ 57. Kc5 Rd1 58. Rh6+ Kf7 59. Rh5 Kf6 60. Rh6+ Kg5 61. Re6 Nd7+ 62. Kc6 Nf6 63. e5 Ne4 64. Re8 Kf5 65. e6 Rd6+ 66. Kc7 Rxe6 67. Rf8+ Rf6 68. Rg8 Nxg3 69. Kd7 Ne4 70. Ke7 g3 71. Rg7 Re6+ 72. Kd7 Rg6 73. Rf7+ Kg4 74. Rf1 g2 75. Rg1 Kf3 0-1

[Event "December 5 Late 2023"]
[Site "https://www.chess.com"]
[Date "2023.12.05"]
[Round "3"]
[White "Gutierrez Olivares, Daniel"]
[Black "Hong, Andrew"]
[Result "0-1"]
[Board "59"]
[TimeControl "180+1"]
[WhiteFideId "2264005"]
[BlackFideId "2099438"]
[WhiteElo "2513"]
[BlackElo "2855"]
[WhiteTeam "ESP"]
[BlackTeam "USA"]
[WhiteClock "0:00:07"]
[BlackClock "0:00:04"]

1. Nf3 g6 2. g3 Bg7 3. Bg2 Nf6 4. O-O O-O 5. c4 c5 6. Nc3 Nc6 7. a3 d5 8. cxd5 Nxd5 9. Ne4 b6 10. d3 Bb7 11. h4 h6 12. Qb3 e6 13. Bd2 a5 14. e3 a4 15. Qc2 Ba6 16. Rfd1 Bb5 17. Nc3 Nxc3 18. Bxc3 e5 19. h5 g5 20. Bf1 Qd5 21. Nd2 Rad8 22. Nc4 Nd4 23. exd4 Bc6 24. f3 Qxf3 25. Bg2 Qxg3 26. dxe5 b5 27. Nd6 Bxe5 28. Bxe5 Qxe5 29. Ne4 Rd4 30. Qxc5 Bd5 31. Re1 Rd8 32. Qb6 Be6 33. Qc5 R8d5 34. Qa7 Rxd3 35. Qa8+ Rd8 36. Qa7 Qxb2 37. Qf2 Qxf2+ 38. Nxf2 Rb3 39. Ne4 Kg7 40. Re2 Bc4 41. Rf2 Rdd3 42. Nc5 Rxa3 43. Nxd3 Rxa1+ 44. Kh2 Bxd3 45. Bd5 Bc4 46. Rxf7+ Kg8 47. Bxc4 bxc4 48. Rc7 a3 49. Rxc4 Rb1 50. Ra4 Rb3 51. Kg2 Kf7 52. Ra6 Rb2+ 53. Kf3 a2 54. Ke4 Ke7 55. Kf5 Kd7 56. Kg6 g4 57. Kxh6 g3 58. Ra7+ Kc6 59. Kh7 g2 60. h6 g1=Q 61. Ra6+ Qb6 62. Ra3 Qc7+ 63. Kg8 Rb8# 0-1

[Event "December 5 Late 2023"]
[Site "https://www.chess.com"]
[Date "2023.12.05"]
[Round "3"]
[White "Galaktionov, Artem"]
[Black "Chylewski, Patryk"]
[Result "1/2-1/2"]
[Board "60"]
[TimeControl "180+1"]
[WhiteFideId "24175471"]
[BlackFideId "1186191"]
[WhiteElo "2844"]
[BlackElo "2511"]
[WhiteTeam "RUS"]
[BlackTeam "POL"]
[WhiteClock "0:00:09"]
[BlackClock "0:00:05"]

1. d4 d5 2. c4 e6 3. Nf3 a6 4. cxd5 exd5 5. Nc3 Nf6 6. Bg5 Be6 7. e3 Nbd7 8. Bd3 Bd6 9. h3 c6 10. O-O Qc7 11. Qd2 O-O 12. Rfc1 Nh5 13. g4 Nhf6 14. Bf4 Rfe8 15. Kg2 Nf8 16. Bxd6 Qxd6 17. Ne5 N6d7 18. f4 f6 19. Nf3 Bf7 20. Re1 Rad8 21. f5 c5 22. dxc5 Nxc5 23. Rad1 Nfd7 24. Bf1 Ne5 25. Qf2 Qb6 26. Nd4 Ne4 27. Nxe4 dxe4 28. b3 Bd5 29. Kg1 Bf7 30. Be2 Qa5 31. Bf1 Bd5 32. Qd2 Qa3 33. Rc1 Bc6 34. Be2 h6 35. Qc3 Kh8 36. Nc2 Qe7 37. Red1 Nd3 38. Rb1 Qd6 39. Kg2 Bd5 40. Nd4 Rc8 41. Qd2 Qe5 42. a4 Red8 43. b4 Bf7 44. b5 Bc4 45. bxa6 bxa6 46. Rb7 Rxd4 47. exd4 Qxd4 48. Bxd3 exd3 49. Re7 Bd5+ 50. Kg3 Rc2 51. Qe3 Qxe3+ 52. Rxe3 Bc4 53. h4 Ra2 54. Rh1 Kg8 55. Re7 Kf8 56. Rc7 Bb3 57. Rc3 Bc2 58. Rh2 Rxa4 59. Rd2 Rb4 60. Rc8+ Kf7 61. Rc7+ Kg8 62. Ra7 Rb6 63. Kf4 Rc6 64. g5 hxg5+ 65. hxg5 fxg5+ 66. Kxg5 Rb6 67. Rg2 Kf8 68. Kf4 Rd6 69. Rgxg7 d2 70. Rh7 Kg8 71. Rag7+ Kf8 72. Ra7 Kg8 73. Rag7+ Kf8 74. Rc7 Kg8 75. Rhg7+ Kf8 76. Rh7 Kg8 77. Rhg7+ Kf8 78. Rh7 1/2-1/2

[Event "December 5 Late 2023"]
[Site "https://www.chess.com"]
[Date "2023.12.05"]
[Round "3"]
[White "Bressy, Theo"]
[Black "Fawzy, Adham"]
[Result "1-0"]
[Board "61"]
[TimeControl "180+1"]
[WhiteFideId "26022842"]
[BlackFideId "10613129"]
[WhiteElo "2510"]
[BlackElo "2817"]
[WhiteTeam "FRA"]
[BlackTeam "EGY"]
[WhiteClock "0:00:09"]
[BlackClock "0:00:08"]

1. e4 c5 2. a3 Nc6 3. b4 e5 4. b5 Nd4 5. c3 Ne6 6. Nf3 Nf6 7. Nxe5 Nxe4 8. d3 Qf6 9. dxe4 Qxe5 10. Qd5 Bd6 11. Bb2 O-O 12. Nd2 Qxd5 13. exd5 Nf4 14. c4 Re8+ 15. Kd1 Bf8 16. g3 Ng6 17. f4 d6 18. Bd3 Bh3 19. Kc2 Ne7 20. Rhe1 Nf5 21. Ne4 Nh6 22. Nf2 Bf5 23. h3 Bxd3+ 24. Kxd3 Nf5 25. g4 Nh4 26. Ne4 f5 27. Ng5 g6 28. Ne6 Rac8 29. a4 Be7 30. Ng7 Kf7 31. Nxe8 Rxe8 32. Re2 Rg8 33. Rae1 Bf8 34. Re6 Bg7 35. Re7+ Kf8 36. Re8+ Kf7 37. R1e7# 1-0

[Event "December 5 Late 2023"]
[Site "https://www.chess.com"]
[Date "2023.12.05"]
[Round "3"]
[White "Krzywda, Andrzej"]
[Black "Quesada Perez, Yasser"]
[Result "1-0"]
[Board "62"]
[TimeControl "180+1"]
[WhiteFideId "1114565"]
[BlackFideId "3509362"]
[WhiteElo "2509"]
[BlackElo "2810"]
[WhiteTeam "POL"]
[BlackTeam "CUB"]
[WhiteClock "0:00:08"]
[BlackClock "0:00:13"]

1. e4 d5 2. exd5 Nf6 3. d4 Bg4 4. Bb5+ c6 5. dxc6 Nxc6 6. Ne2 Qa5+ 7. Nbc3 e6 8. Bd2 Bb4 9. a3 Bxc3 10. Bxc6+ bxc6 11. Bxc3 Qb5 12. f3 Bf5 13. O-O O-O 14. Ng3 Bg6 15. f4 Rfd8 16. Qf3 Bxc2 17. Rac1 Bf5 18. Bb4 Nd5 19. Rc5 Qb6 20. Ba5 Qxb2 21. Bxd8 Rxd8 22. Nxf5 exf5 23. Rd1 g6 24. Rxc6 Kg7 25. Rc5 Nf6 26. d5 Ne4 27. Rc6 Qb5 28. Qd3 Qb7 29. Qd4+ Kg8 30. Rdc1 h5 31. d6 h4 32. h3 Ng3 33. R6c2 Qd7 34. Rd1 Qe6 35. Qd3 Rd7 36. Rcd2 Ne4 37. Re2 Rxd6 38. Qb1 Rd8 39. Rxd8+ Kh7 40. Qb2 f6 41. Qb7+ 1-0

[Event "December 5 Late 2023"]
[Site "https://www.chess.com"]
[Date "2023.12.05"]
[Round "3"]
[White "Reprintsev, Alexander"]
[Black "KhalilMousavi98"]
[Result "0-1"]
[Board "63"]
[TimeControl "180+1"]
[WhiteFideId "14100541"]
[WhiteElo "2507"]
[BlackElo "2795"]
[WhiteTeam "UKR"]
[WhiteClock "0:01:01"]
[BlackClock "0:00:55"]

1. e4 c5 2. b3 b6 3. d4 cxd4 4. Qxd4 Nc6 5. Qd2 Nf6 6. Nc3 e6 7. Bb2 Bb4 8. Bd3 d5 9. a3 Bxc3 10. Qxc3 Bb7 11. exd5 Qxd5 12. Nf3 O-O 13. O-O-O Qh5 14. h3 Ne7 15. Qe5 Bxf3 16. gxf3 Qxf3 17. Rhg1 Ng6 18. Qg3 Qxg3 19. fxg3 Rad8 20. h4 Ng4 21. h5 N6e5 22. Be2 f5 23. a4 Nf7 24. Bxg4 fxg4 25. Rge1 Rxd1+ 26. Kxd1 Rd8+ 27. Kc1 Ng5 28. Re5 h6 29. a5 Rd5 30. axb6 axb6 31. c4 Rd3 32. Rb5 Rxg3 33. Rxb6 Rg1+ 34. Kc2 g3 35. Rb8+ Kh7 36. Rb7 Rg2+ 37. Kb1 Rxb2+ 0-1

[Event "December 5 Late 2023"]
[Site "https://www.chess.com"]
[Date "2023.12.05"]
[Round "3"]
[White "Hamidi, Amir Mohammad"]
[Black "Baches Garcia, Guillermo"]
[Result "1-0"]
[Board "64"]
[TimeControl "180+1"]
[WhiteFideId "12563285"]
[BlackFideId "2209764"]
[WhiteElo "2791"]
[BlackElo "2505"]
[WhiteTeam "IRI"]
[BlackTeam "ESP"]
[WhiteClock "0:00:35"]
[BlackClock "0:00:02"]

1. d4 d5 2. c4 e6 3. Nf3 a6 4. e3 Nf6 5. Nbd2 b6 6. Bd3 Bb7 7. O-O Nbd7 8. b3 Bd6 9. Bb2 O-O 10. Qe2 c5 11. cxd5 exd5 12. Rac1 Re8 13. Rfd1 Qe7 14. h3 g6 15. Qf1 h5 16. Qe2 Ne4 17. Nb1 Ndf6 18. Nc3 b5 19. dxc5 Bxc5 20. Nb1 Rac8 21. Bd4 Bd6 22. Nbd2 Rxc1 23. Rxc1 Bb8 24. Nf1 Rc8 25. Rxc8+ Bxc8 26. Qc2 Qc7 27. Qb2 Qe7 28. N3d2 Nd7 29. Qc2 Bb7 30. Nf3 Qd6 31. a4 b4 32. N3d2 f5 33. f4 Ndf6 34. Nf3 Qe7 35. Ne5 Kh7 36. Nh2 Nd7 37. Nhf3 Nxe5 38. Bxe5 Ba7 39. Nd4 Kh6 40. Bxe4 dxe4 41. Qc4 Kh7 42. Kf2 Bxd4 43. Qxd4 Kg8 44. Qa7 Kf7 45. Qb8 Qd7 46. Qh8 Qd2+ 47. Kg3 Qxe3+ 48. Kh4 Qf2+ 49. Kg5 Qg3+ 50. Kh6 Ke6 51. Qf6+ Kd5 52. Qd6# 1-0

[Event "December 5 Late 2023"]
[Site "https://www.chess.com"]
[Date "2023.12.05"]
[Round "3"]
[White "Slugin, Sergey"]
[Black "Pasti, Aron"]
[Result "0-1"]
[Board "65"]
[TimeControl "180+1"]
[WhiteFideId "4122569"]
[BlackFideId "785857"]
[WhiteElo "2764"]
[BlackElo "2502"]
[WhiteTeam "RUS"]
[BlackTeam "HUN"]
[WhiteClock "0:00:05"]
[BlackClock "0:00:05"]

1. d4 Nf6 2. Nf3 e6 3. Bg5 d5 4. Nbd2 Be7 5. e3 h6 6. Bh4 O-O 7. Bd3 Nbd7 8. O-O c5 9. c3 b6 10. Ne5 a5 11. Nc6 Qe8 12. Nxe7+ Qxe7 13. Qe2 g5 14. Bg3 e5 15. dxe5 Nxe5 16. Bb5 c4 17. Bxe5 Qxe5 18. Nf3 Qd6 19. Rad1 Qc7 20. Nd4 Ng4 21. g3 Ne5 22. Qh5 Kg7 23. Qe2 a4 24. Qc2 Bh3 25. Rfe1 Qe7 26. f4 Nd3 27. Rxd3 cxd3 28. Bxd3 Kh8 29. Qe2 Qf6 30. Qh5 Bd7 31. Rf1 Rae8 32. fxg5 Qxg5 33. Qxg5 hxg5 34. Kf2 Re5 35. Nf3 Re7 36. Nxg5 Rfe8 37. Re1 Kg7 38. h4 Bg4 39. Nf3 Bxf3 40. Kxf3 Re6 41. g4 Rf6+ 42. Bf5 b5 43. Kf4 Rb6 44. a3 Rc6 45. Rd1 Rd6 46. Rd4 Re7 47. h5 f6 48. Kf3 Kh6 49. Kf4 Rd8 50. Rb4 Rb7 51. Bd3 Rdb8 52. Rd4 Rd8 53. Be2 Rd6 54. Bf3 Rbd7 55. Kg3 Rd8 56. Kf4 R8d7 57. Kf5 Rd8 58. Be2 Rb6 59. Kf4 Rb7 60. e4 Re7 61. exd5 Rxe2 62. d6 Re6 63. d7 Re7 64. Rd5 Rexd7 65. Rxb5 Rd6 66. Kg3 Rd5 67. Rb6 Kg5 68. Rb4 Rd3+ 69. Kf2 Rd2+ 70. Ke3 R8d3+ 71. Ke4 Rd7 72. Rxa4 Rxb2 73. Rb4 Rg2 74. Kf3 Rgd2 75. c4 R2d3+ 76. Ke4 R7d4# 0-1

[Event "December 5 Late 2023"]
[Site "https://www.chess.com"]
[Date "2023.12.05"]
[Round "3"]
[White "Milosevic, Milos"]
[Black "Adewumi, Tanitoluwa"]
[Result "1/2-1/2"]
[Board "66"]
[TimeControl "180+1"]
[WhiteFideId "964875"]
[BlackFideId "30966396"]
[WhiteElo "2501"]
[BlackElo "2738"]
[WhiteTeam "SRB"]
[BlackTeam "USA"]
[WhiteClock "0:00:03"]
[BlackClock "0:00:05"]

1. d4 Nf6 2. c4 e6 3. Nc3 Bb4 4. e3 O-O 5. a3 Bxc3+ 6. bxc3 c5 7. Bd3 Nc6 8. Ne2 b6 9. O-O Ba6 10. e4 Ne8 11. e5 d6 12. exd6 Nxd6 13. Ng3 Bxc4 14. Bxc4 Nxc4 15. Qg4 Qf6 16. dxc5 N6e5 17. Qe4 Qg6 18. f4 Qxe4 19. Nxe4 Nd3 20. cxb6 axb6 21. a4 b5 22. Ba3 Rfd8 23. Be7 Re8 24. axb5 Rxa1 25. Rxa1 f5 26. Nd6 Rxe7 27. Nxc4 Nc5 28. b6 g5 29. Ra7 Re8 30. fxg5 Rd8 31. b7 Kf8 32. Ra8 Nxb7 33. Rxd8+ Nxd8 34. Kf2 Nf7 35. h4 Ke7 36. Ke3 e5 37. Nb6 Ke6 38. g3 Nd6 39. c4 Nb7 40. Nd5 Nd6 41. Kd3 Kf7 42. Nf6 h6 43. Nd7 Ke7 44. Nxe5 hxg5 45. hxg5 Ne4 46. g6 Kf6 47. Kd4 Nxg3 48. c5 Ne2+ 49. Kd5 Nf4+ 50. Kd6 Ne6 51. c6 f4 52. Nf3 Kf5 53. c7 Nxc7 54. g7 Ne8+ 55. Kd5 Nxg7 56. Kd4 Ne6+ 57. Kd3 Ng5 58. Nh4+ Kf6 59. Ke2 Ne6 60. Kf3 Kg5 61. Ng2 Nd4+ 62. Kf2 Kg4 63. Nxf4 1/2-1/2

[Event "December 5 Late 2023"]
[Site "https://www.chess.com"]
[Date "2023.12.05"]
[Round "3"]
[White "Kovalevsky, Stanislav"]
[Black "Krzyzanowski, Marcin"]
[Result "0-1"]
[Board "67"]
[TimeControl "180+1"]
[WhiteFideId "13508598"]
[BlackFideId "1132199"]
[WhiteElo "2501"]
[BlackElo "2716"]
[WhiteTeam "FID"]
[BlackTeam "POL"]
[WhiteClock "0:01:25"]
[BlackClock "0:01:24"]

1. e4 c5 2. c3 d5 3. exd5 Qxd5 4. Nf3 g6 5. d4 Bg7 6. Be3 cxd4 7. Nxd4 Nf6 8. Nd2 O-O 9. N2f3 Nc6 10. Nxc6 Qxc6 11. Be2 Nd5 12. Bd4 Nf4 13. Bxg7 Nxg2+ 14. Kf1 Bh3 15. Kg1 Kxg7 16. Qd4+ Kg8 17. Ne5 Nf4 18. Bf3 Qxf3 19. Nxf3 Ne2# 0-1